 Dungeon Crawl Stone Soup version 0.19-a0-1732-g0b18a7b (webtiles) character file.

2123 Vasilisck the Skirmisher (level 9, -16/71 HPs)
             Began as a Demonspawn Berserker on Sept 30, 2016.
             Was an Elder of Trog.
             Demolished by an ogre
             ... wielding a +0 giant club
              (21 damage)
             ... on level 7 of the Dungeon.
             The game lasted 00:17:59 (7878 turns).

Vasilisck the Skirmisher (Demonspawn Berserker)     Turns: 7878, Time: 00:18:00

Health: -16/71     AC: 15    Str: 18    XL:     9   Next: 8%
Magic:  8/8        EV:  3    Int: 11    God:    Trog [****..]
Gold:   126        SH:  8    Dex: 13    Spells: 0 memorised, 8 levels left

rFire  . . .     SeeInvis .     a - +1 hand axe
rCold  + . .     Gourm    .     d - +0 plate armour
rNeg   . . .     Faith    +     r - +0 shield
rPois  .         Spirit   .     (helmet restricted)
rElec  .         Dismiss  .     (no cloak)
rCorr  .         Reflect  .     (no gloves)
MR     .....     Harm     .     (no boots)
Stlth  ..........               w - amulet of faith
                                (no ring)
                                (no ring)

@: heavily drained
A: horns 1, icy blue scales 3, clever 1, low mp 1, sense surroundings 1, powered
by pain 1, weak 1, wild magic 2, rot immunity
a: Berserk, Trog's Hand, Brothers in Arms, Burn Spellbooks, Renounce Religion


You were on level 7 of the Dungeon.
You worshipped Trog.
Trog was greatly pleased with you.
You were not hungry.

You visited 1 branch of the dungeon, and saw 7 of its levels.

You collected 392 gold pieces.
You spent 266 gold pieces at shops.

Inventory:

Hand Weapons
 a - a +1 hand axe (weapon)
Armour
 d - a +0 plate armour (worn)
 e - the +1 large shield of the Blacksmith {+Fly Dex-3 SInv}
   (You bought it in a shop on level 4 of the Dungeon)

   It affects your dexterity (-3).
   It lets you see invisible.
   It lets you fly.
 r - a +0 shield (worn)
Jewellery
 p - an uncursed amulet of rage
 q - a +2 amulet of reflection
 w - an amulet of faith (around neck)
Wands
 v - a wand of confusion (33/48)
Scrolls
 f - 5 scrolls of teleportation
 g - a scroll of recharging
 m - 2 scrolls of amnesia
 s - a scroll of magic mapping
 t - 2 scrolls of remove curse
Potions
 h - a potion of agility
 j - a potion of invisibility
 z - 2 potions of flight
Books
 i - a book of Changes

   Spells                             Type                      Level
   a - Beastly Appendage              Transmutation                1
   b - Sticks to Snakes               Transmutation                2
   c - Spider Form                    Transmutation/Poison         3
   d - Ice Form                       Ice/Transmutation            4
   e - Blade Hands                    Transmutation                5
   Trog disapproves of the use of such an item.
 x - a book of Necromancy

   Spells                             Type                      Level
   a - Pain                           Necromancy                   1
   b - Animate Skeleton               Necromancy                   1
   c - Vampiric Draining              Necromancy                   3
   d - Regeneration                   Charms/Necromancy            3
   e - Animate Dead                   Necromancy                   4
   f - Control Undead                 Necromancy                   4
   Trog disapproves of the use of such an item.
Comestibles
 b - a chunk of flesh
 c - 2 bread rations
 l - a slice of pizza


   Skills:
 + Level 6.6(3.8) Fighting
 + Level 6.0(3.3) Axes
 + Level 5.2(2.6) Armour
 - Level 4.3(1.8) Dodging
 + Level 4.2(1.6) Shields


You had 8 spell levels left.
You didn't know any spells.

Dungeon Overview and Level Annotations

Branches:
Dungeon (7/15)             Temple (0/1) D:4

Altars:
Cheibriados
Elyvilon
Makhleb
Zin
The Shining One

Shops:
D:4 =[*?

Annotations:
D:7 Prince Ribbit


Innate Abilities, Weirdness & Mutations

You are completely covered in icy blue scales. (AC +4, rC+)
You sometimes gain a little power by taking damage.
You are immune to rotting.
You have a pair of small horns on your head.
Your mind is acute. (Int +2)
Your magical capacity is low. (-10% MP)
You passively map a small area around you.
You are weak. (Str -2)
Your spells are harder to cast, but more powerful.


Message History

Prince Ribbit blinks!
Prince Ribbit blinks!
You block the wight's attack. The ogre completely misses you.
You hit the wight but do no damage.
You headbutt the wight, but do no damage.
You hit the ogre. The wight hits you with a short sword.
* * * LOW HITPOINT WARNING * * *
You feel drained.
* * * LOW HITPOINT WARNING * * *
The ogre hits you with a giant club!
* * * LOW HITPOINT WARNING * * *
The wight hits you with a short sword.
* * * LOW HITPOINT WARNING * * *
You feel drained.
Prince Ribbit blinks!
You closely miss the wight. You headbutt the wight.
The wight is lightly damaged.
You hit the wight but do no damage.
Your plate armour prevents you from hitting the wight.
You completely miss the ogre. The ogre hits you with a giant club!!
You die...

.#.#........ ,
.#.#)÷..#............# ,
.#.#....#..........<.# *
, .#.#....#............#
,
.#.#....#............###
.#>.....................
.#.#....#............# ,
'#.#######.....z.O...#
...........))..z@z...# *
..########.......§...#
..# #.........F.# ..#
#...........# , ..#
#...........# * ..#
#...........# , ..# *
#...........# ..# ,
,,#...........# ..# , ,


You could see Prince Ribbit, an ogre and 3 wights.

Vanquished Creatures
  Menkaure (D:4)
  A water moccasin (D:5)
  2 sky beasts
  An ogre (D:6)
  A phantom (D:5)
  2 centaurs
  The ghost of 4thArraOfDagon the Firebug, an amateur DEFE (D:6)
  2 bullfrogs
  3 scorpions
  2 wights (D:7)
  A howler monkey (D:5)
  4 crimson imps (D:5)
  A quasit (D:5)
  A bullfrog skeleton (D:5)
  2 jellies
  2 orc priests (D:5)
  3 hounds (D:5)
  A centaur skeleton (D:5)
  6 worker ants
  2 hound zombies
  A howler monkey zombie (D:5)
  14 adders
  A shadow imp (D:5)
  5 worms
  4 dart slugs
  4 leopard geckos
  12 orcs
  2 ball pythons (D:1)
  6 bats
  3 giant cockroaches
  10 goblins
  7 hobgoblins
  23 jackals
  2 quokkas
  3 frilled lizards
  2 goblin skeletons (D:5)
  A goblin zombie (D:5)
  2 hobgoblin zombies (D:5)
  7 kobolds
  3 kobold zombies (D:5)
  A leopard gecko zombie (D:5)
  An orc skeleton (D:5)
  An orc zombie (D:5)
  6 rats
160 creatures vanquished.

Notes
Turn   | Place    | Note
-------+----------+-------------------------------------------
     0 | D:1      | Vasilisck the Demonspawn Berserker began the quest for the Orb.
     0 | D:1      | Reached XP level 1. HP: 18/18 MP: 1/1
   166 | D:1      | Gained mutation: You are partially covered in icy blue scales. (AC +2) [demonic ancestry]
   166 | D:1      | Reached XP level 2. HP: 18/24 MP: 2/2
   723 | D:2      | Reached XP level 3. HP: 19/29 MP: 3/3
  1185 | D:2      | Reached ** piety under Trog
  1303 | D:2      | Gained mutation: You are immune to rotting. [demonic ancestry]
  1303 | D:2      | Reached XP level 4. HP: 33/37 MP: 4/4
  2149 | D:3      | Gained mutation: You sometimes gain a little power by taking damage. [demonic ancestry]
  2149 | D:3      | Reached XP level 5. HP: 39/42 MP: 5/5
  3097 | D:4      | Noticed Menkaure
  3117 | D:4      | Killed Menkaure
  3117 | D:4      | Reached skill level 1 in Shields
  3117 | D:4      | Reached XP level 6. HP: 27/49 MP: 6/6
  3390 | D:4      | Found Wadeh's Antique Armour Emporium.
  3398 | D:4      | Bought a dazzling large shield for 266 gold pieces
  3408 | D:4      | Identified the +1 large shield of the Blacksmith {+Fly Dex-3 SInv} (You bought it in a shop on level 4 of the Dungeon)
  3552 | D:4      | Found Owacu's General Store.
  3602 | D:4      | Found Pooke's Jewellery Boutique.
  3825 | D:4      | Found Tiobyas's Magic Scroll Boutique.
  3988 | D:4      | Found a staircase to the Ecumenical Temple.
  4180 | D:5      | Entered Level 5 of the Dungeon
  4189 | D:5      | Reached *** piety under Trog
  4483 | D:5      | Reached XP level 7. HP: 54/55 MP: 7/7
  4668 | D:5      | Found a glowing golden altar of the Shining One.
  4702 | D:5      | Reached skill level 5 in Fighting
  5116 | D:5      | Reached skill level 5 in Axes
  5116 | D:5      | Gained mutation: You are mostly covered in icy blue scales. (AC +3) [demonic ancestry]
  5116 | D:5      | Reached XP level 8. HP: 32/62 MP: 8/8
  5468 | D:5      | Found a white marble altar of Elyvilon.
  5476 | D:5      | Reached **** piety under Trog
  5520 | D:5      | Gained mutation: Your spells are a little harder to cast, but a little more powerful. [potion of mutation]
  5520 | D:5      | Gained mutation: You are weak. (Str -2) [potion of mutation]
  5520 | D:5      | Gained mutation: Your magical capacity is low. (-10% MP) [potion of mutation]
  5521 | D:5      | Gained mutation: You passively map a small area around you. [potion of mutation]
  5521 | D:5      | Gained mutation: Your spells are harder to cast, but more powerful. [potion of mutation]
  5521 | D:5      | Gained mutation: You are completely covered in icy blue scales. (AC +4, rC+) [potion of mutation]
  6634 | D:6      | Gained mutation: Your mind is acute. (Int +2) [mutagenic meat]
  6637 | D:6      | Gained mutation: You have a pair of small horns on your head. [mutagenic meat]
  6851 | D:6      | Found a glowing silver altar of Zin.
  7025 | D:6      | Noticed 4thArraOfDagon's ghost (amateur DEFE)
  7039 | D:6      | Reached skill level 5 in Armour
  7042 | D:6      | Killed 4thArraOfDagon's ghost
  7315 | D:6      | Found a snail-covered altar of Cheibriados.
  7315 | D:6      | Found a burning altar of Makhleb.
  7432 | D:7      | Reached XP level 9. HP: 60/71 MP: 8/8
  7873 | D:7      | Noticed Prince Ribbit
  7878 | D:7      | Demolished by an ogre

Vault maps used:
D:1:      evilmike_arrival_hilbert_curve
D:3:      first_bread, kennysheep_generic_room_15
D:4:      serial_shops, shop_fountains, shop, shop_scrolls,
          nicolae_shop_temple_entry_statues_fountains, minmay_misc_feat_pillars,
          uniq_menkaure
D:5:      lemuel_crystal_altar, nicolae_tso_besieged_by_evil,
          hangedman_decor_points
D:6:      gammafunk_temple_overflow_statue, kennysheep_little_box
D:7:      st_stairs_4, uniq_prince_ribbit1

Skill      XL: |  1  2  3  4  5  6  7  8  9 |
---------------+----------------------------+-----
Armour         | 2 3 4 5 |  5.2
Dodging        | 2 3 4 |  4.3
Axes           | 3 4 5 6 |  6.0
Fighting       | 4 5 6 |  6.6
Shields        | 1 2 4 |  4.2

Action                   |  1- 3 |  4- 6 |  7- 9 || total
-------------------------+-------+-------+-------++-------
Melee: Hand axe          |   116 |   328 |   700 ||  1144
       Headbutt          |       |       |    34 ||    34
Invok: Berserk           |       |     1 |     4 ||     5
       Trog's Hand       |       |       |     2 ||     2
  Use: Scroll            |       |     4 |    16 ||    20
       Potion            |       |     2 |     4 ||     6
  Eat: Chunk             |     1 |     9 |     9 ||    19
       Meat ration       |       |     1 |       ||     1
       Pizza             |       |       |     2 ||     2
       Bread ration      |       |       |     1 ||     1
       Royal jelly       |       |       |     1 ||     1
Armor: Plate armour      |   101 |   280 |   493 ||   874
       Animal skin       |     1 |       |       ||     1
Dodge: Dodged            |    39 |    90 |   140 ||   269
Block: Shield            |       |   111 |   322 ||   433
       Other             |       |     2 |       ||     2
       Reflection        |       |     1 |       ||     1
